 Dungeon Crawl Stone Soup version 0.28.0 (webtiles) character file.

Game seed: 16672773396834287571

65 AmazingTV the Covered (level 3, 0/33 HPs)
             Began as a Minotaur Fighter on July 10, 2022.
             Slain by an orc wizard (2 damage)
             ... on level 3 of the Dungeon.
             The game lasted 00:03:01 (1717 turns).

AmazingTV the Covered (Minotaur Fighter)            Turns: 1717, Time: 00:03:01

Health: 0/33       AC:  7    Str: 22    XL:     3   Next: 92%
Magic:  2/2        EV:  9    Int:  5    God:
Gold:   77         SH:  0    Dex:  9    Spells: 2/2 levels left

rFire   . . .      SeeInvis .   a - +0 flail {mace}
rCold   . . .      Faith    .   c - +0 buckler
rNeg    . . .      Spirit   .   b - +0 scale mail
rPois   .          Reflect  .   (helmet restricted)
rElec   .          Harm     .   (no cloak)
rCorr   .          Rampage  .   (no gloves)
Will    .....                   (no boots)
Stlth   ..........              (no amulet)
HPRegen 0.11/turn               (no ring)
MPRegen 0.08/turn               (no ring)

@: confused
A: horns 2, retaliatory headbutt
a: no special abilities


You were on level 3 of the Dungeon.
You visited 1 branch of the dungeon, and saw 3 of its levels.

You collected 77 gold pieces.


Innate Abilities, Weirdness & Mutations

You have a pair of horns on your head.
You reflexively headbutt those who attack you in melee.


   Skills:
 + Level 4.0 Fighting
 + Level 1.5(2.4) Axes
 + Level 2.8(3.1) Maces & Flails
 + Level 1.0(1.3) Slings
 + Level 1.0(1.2) Throwing
 + Level 4.1 Armour
 + Level 4.0 Shields


You had 2 spell levels left.
You didn't know any spells.
Your spell library was empty.

Inventory:

Hand Weapons
 a - a +0 flail (weapon) {mace}
Missiles
 g - 30 stones (quivered)
 h - 20 bolts
 i - 15 arrows
 j - 4 atropa-tipped darts
Armour
 b - a +0 scale mail (worn)
 c - a +0 buckler (worn)
Jewellery
 f - a ring of poison resistance
   (You found it on level 1 of the Dungeon)
Wands
 m - a wand of iceblast (10)
   (You found it on level 2 of the Dungeon)
Scrolls
 k - a scroll of torment {unknown}
 l - a scroll of teleportation {unknown}
Potions
 d - a potion of might
 e - 3 potions of curing {unknown}
 n - a potion of flight {unknown}

Dungeon Overview and Level Annotations

Branches:
Dungeon (3/15)

Altars:

#....<........
#.###>........ . #
#.......#. .#
....######.#....## .#
.........†......# .#.
###.##.....#....#.#.#
.......##.........#.#
.......#{.....†....#
........@o##.#.......#
############)##.....#.
#.......#.#
####.#.#.#. .#..#.# .#
#.#. ## #.


You could see an orc wizard.


Message History

You kill the ball python!
You see here a hobgoblin corpse.
e - 3 green potions (gained 1)
A ball python comes into view.
A ball python is nearby! 2 orc wizards come into view.
The orc wizard shouts! x2; You hear a shout!
An orc comes into view. It is wielding a +0 mace.
You sock the ball python!
You kill the ball python!
The orc wizard points at you and mumbles some strange words.
You are confused.
You bump into the rock wall.
The orc wizard gestures at you while chanting.
The magic dart hits you! 😕 HP[-7]
You take 7 damage, and now have 26/33 hp.
MASSIVE DAMAGE!! (PAUSE)
You bump into the rock wall.
The orc wizard closely misses you.
You bump into the rock wall.
The orc wizard hits you but does no damage.
The orc hits you but does no damage.
You closely miss the orc wizard. The orc wizard casts a spell at you.
The puff of flame hits you! The orc closely misses you.
The orc wizard hits you with a +0 dagger. 😮 HP[-8]
You take 8 damage, and now have 18/33 hp.
MASSIVE DAMAGE!! (PAUSE)
You barely miss the orc wizard. The orc hits you but does no damage.
The orc wizard hits you but does no damage.
You bump into the rock wall.
The orc hits you but does no damage.
The orc wizard hits you but does no damage.
You bump into the rock wall.
You feel less confused. The orc hits you with a +0 mace.
* * * LOW HITPOINT WARNING * * *
The orc wizard points at you and mumbles some strange words.
You resist with significant effort. 😨 HP[-5]
You take 5 damage, and now have 13/33 hp.
You barely miss the orc wizard. Your headbutt misses the orc wizard.
You block the orc's attack.
The orc wizard points at you and mumbles some strange words.
The puff of flame misses you.
You closely miss the orc wizard. The orc hits you but does no damage.
The orc wizard hits you but does no damage.
The orc hits you but does no damage. 😨 HP[+1]
You closely miss the orc wizard. You block the orc wizard's attack.
The orc hits you with a +0 mace.
* * * LOW HITPOINT WARNING * * *
The orc wizard gestures at you while chanting.
The puff of flame hits you.
* * * LOW HITPOINT WARNING * * *
😱 HP[-8]
You take 8 damage, and now have 6/33 hp.
MASSIVE DAMAGE!! (PAUSE)
You closely miss the orc. The orc barely misses you.
The orc wizard hits you but does no damage.
You barely miss the orc. The orc closely misses you. You furiously retaliate!
You headbutt the orc. The orc wizard closely misses you.
You hit the orc but do no damage. The orc hits you with a +0 mace.
* * * LOW HITPOINT WARNING * * *
The orc wizard hits you but does no damage.
The orc hits you with a +0 mace.
* * * LOW HITPOINT WARNING * * *
😱 HP[-3]
You take 3 damage, and now have 3/33 hp.
You hit the orc.
You kill the orc!
The orc wizard casts a spell at you. You resist with significant effort.
Things that are here:
a +0 mace {mace}; a +0 leather armour 😱 HP[+1]
The orc wizard gestures at you while chanting.
You are confused.
You hear the slow rusting of a very distant drain.
The orc wizard casts a spell at you. The magic dart hits you.
* * * LOW HITPOINT WARNING * * *
😱 HP[-3]
You take 3 damage, and now have 1/33 hp.
You bump into the rock wall.
The orc wizard points at you and mumbles some strange words.
You are more confused.
The orc wizard casts a spell.
The orc wizard flickers and vanishes!
Deactivating autopickup; reactivate with Ctrl-A.
You bump into the rock wall.
The orc wizard closely misses you. Something hits you but does no damage.
You're too confused to move!
The orc wizard hits you but does no damage.
You hear some strange, mumbled words.
You are more confused. 😱 HP[+1] You're too confused to move!
The orc wizard hits you with a +0 dagger.
You die...

Skill      XL: |  1  2  3 |
---------------+----------+-----
Axes           | 1 |  1.5
Armour         | 4 |  4.1
Slings         | 1 |  1.0
Shields        | 4 |  4.0
Fighting       | 4 |  4.0
Throwing       | 1 |  1.0
Maces & Flails | |  2.8

Action                   || total
-------------------------++-------
Melee: Flail             ||    90
       Headbutt          ||     9
Armor: Scale mail        ||    51
Dodge: Dodged            ||    50
Block: Buckler           ||    23

Levels and vault maps discovered:
D:1:      lemuel_arrival_cross, layout_basic,
          shapermc_ecumenical_altar_hornbeckon
D:2:      layout_rooms, minmay_tromino_v2
D:3:      layout_basic, grunt_qazlal_sundering, gup_sewer_entry_bowl,
          st_stairs_10

Notes
Turn   | Place    | Note
-------+----------+-------------------------------------------
     0 | D:1      | AmazingTV the Minotaur Fighter began the quest for the Orb.
     0 | D:1      | Reached XP level 1. HP: 19/19 MP: 0/0
     0 | D:1      | magus.rc [v1.9.6]
   498 | D:1      | Found a faded altar of an unknown god.
   795 | D:1      | Reached XP level 2. HP: 27/27 MP: 1/1
   855 | D:2      | Reached skill level 1 in Axes
   875 | D:2      | Reached XP level 3. HP: 25/33 MP: 2/2
  1055 | D:2      | Reached skill level 4 in Armour
  1059 | D:2      | Reached skill level 1 in Slings
  1059 | D:2      | Reached skill level 4 in Shields
  1255 | D:2      | Reached skill level 4 in Fighting
  1255 | D:2      | Reached skill level 1 in Throwing
  1701 | D:3      | HP: 6/33 [orc wizard/puff of flame (5)]
  1712 | D:3      | HP: 1/33 [orc wizard/magic dart (3)]
  1717 | D:3      | Slain by an orc wizard

Vanquished Creatures
  2 adders (D:2)
  2 worms (D:2)
  2 orcs
  An endoplasm (D:2)
  A giant cockroach (D:1)
  3 goblins
  6 hobgoblins
  6 quokkas (D:2)
  3 ball pythons
  4 bats
  4 frilled lizards
  2 kobolds (D:2)
  2 rats
38 creatures vanquished.

Table legend:
 A = Non-vault XP
 B = Vault XP
 C = Vault XP percentage of total XP
 D = Non-vault monster count
 E = Vault monster count
 F = Vault count percentage of total count
                 A         B        C        D         E       F
            +---------+---------+-------+---------+---------+-------
      Total |      86 |       7 |   7.5 |      36 |       2 |   5.3
            +---------+---------+-------+---------+---------+-------
        D:1 |      12 |       0 |   0.0 |       8 |       0 |   0.0
        D:2 |      67 |       7 |   9.5 |      24 |       2 |   7.7
        D:3 |       7 |       0 |   0.0 |       4 |       0 |   0.0
            +---------+---------+-------+---------+---------+-------

Illustrated notes

Table legend:
 A = Kills in this place as a percentage of kills in entire the game.
 B = Kills by you in this place as a percentage of kills by you in the entire game.
 C = Kills by friends in this place as a percentage of kills by friends in the entire game.
 D = Other kills in this place as a percentage of other kills in the entire game.
 E = Experience gained in this place as a percentage of experience gained in the entire game.
 F = Experience gained in this place divided by the number of levels of this place that you have seen.
                   A       B       C       D       E      F
               +-------+-------+-------+-------+-------+----------------------
         Total | 100.0 | 100.0 |   N/A |   N/A | 100.0 |  31.0
       Dungeon | 100.0 | 100.0 |   N/A |   N/A | 100.0 |  31.0
               +-------+-------+-------+-------+-------+----------------------

Table legend: (Time is in decaauts)
 A = Elapsed time spent in this place.
 B = Non-inter-level travel time spent in this place.
 C = Inter-level travel time spent in this place.
 D = Time resting spent in this place.
 E = Time spent auto-exploring this place.
 F = Levels seen in this place.
 G = Mean time per level.
                   A        B        C        D        E       F      G
               +--------+--------+--------+--------+--------+-----+--------+
         Total |   1746 |   1694 |     52 |    301 |   1161 |   3 |  582.0 |
       Dungeon |   1746 |   1694 |     52 |    301 |   1161 |   3 |  582.0 |
               +--------+--------+--------+--------+--------+-----+--------+

Top non-repeatable levels by time:
     D:2: 858 daAuts
     D:1: 833 daAuts
     D:3: 54 daAuts
